Map: Habitation Station LE (Void)

Players

ValorTime

  • Race: Zerg Zerg
  • League: Diamond
  • Spawn Location: 1:00

Voodoochilli - Winner!

  • Race: Terran Terran
  • League: Platinum
  • Spawn Location: 11:00

VOD

Have the link to the VOD?

Description

Time

  • Played on: Dec. 10, 2016, 1:40 p.m.
  • Length: 17:36
Show
View Real Time Build Order
Export as new Build Order

ValorTime Zerg 

Build Orders: Hatch First 

Get SALT Encoding   

  12  0:01  Drone  
  13  0:08  Drone  
  14  0:36  Hatchery  
  14  0:38  Drone  
  14  0:45  Overlord  
  14  1:02  Spawning Pool  
  13  1:07  Drone  
  13  1:11  Drone  
  15  1:15  Drone  
  16  1:20  Drone  
  17  1:25  Extractor  
  17  1:30  Drone  
  17  1:41  Drone  
  18  1:50  Queen  
  18  1:52  Drone  
  21  2:02  Spine Crawler  
  20  2:13  Spine Crawler  
  19  2:20  Queen  
  21  2:24  Drone  
  22  2:30  Overlord  
  22  2:39  Spine Crawler  
  22  2:40  Drone  
  22  2:49  Drone  
  23  2:51  Spine Crawler  
  22  3:02  Drone x2  
  22  3:03  Roach Warren  
  22  3:05  Drone  
  24  3:12  Drone  
  25  3:13  Drone  
  26  3:24  Drone x2  
  26  3:25  Extractor  
  26  3:27  Overlord  
  27  3:36  Drone, Spine Crawler  
  27  3:41  Drone  
  28  3:45  Overlord  
  28  3:52  Roach x2  
  28  3:53  Roach  
  34  4:00  Roach  
  36  4:04  Overlord  
  36  4:06  Roach x2  
  40  4:15  Roach x2  
  44  4:26  Roach x2  
  44  4:27  Roach  
  50  4:39  Extractor  
  50  4:41  Lair, Extractor  
  50  4:42  Drone x2  
  50  4:59  Overlord x2  
  50  5:09  Drone x2  
  50  5:14  Overlord x2  
  52  5:37  Overlord  
  52  5:39  Drone x2  
  52  5:40  Drone x2  
  56  5:46  Drone x2  
  58  5:51  Roach x2  
  62  6:02  Hatchery  
  61  6:04  Drone  
  62  6:18  Spire  
  61  6:22  Pneumatized Carapace  
  61  6:25  Roach x2  
  65  6:27  Roach  
  67  6:34  Drone  
  67  6:35  Drone x2  
  67  6:37  Drone  
  67  6:39  Drone  
  72  7:04  Ravager  
  73  7:16  Roach x3  
  73  7:17  Roach x3  
  73  7:18  Roach  
  87  7:25  Overlord x2  
  87  7:29  Ravager  
  88  7:30  Ravager x2  
  90  7:38  Mutalisk  
  90  7:39  Mutalisk x3  
  90  7:41  Overlord x3  
  98  7:44  Mutalisk, Roach  
  98  7:45  Mutalisk  
  104  8:03  Mutalisk x5  
  111  8:08  Overseer  
  111  8:10  Mutalisk, Roach  
  115  8:15  Mutalisk  
  115  8:18  Mutalisk  
  119  8:28  Zerg Flyer Weapons Level 1  
  119  8:33  Mutalisk  
  111  9:06  Mutalisk  
  111  9:07  Mutalisk x2  
  115  9:28  Mutalisk  
  115  9:29  Mutalisk, Hatchery  
  108  9:54  Hatchery  
  99  10:02  Mutalisk x2  
  103  10:19  Drone  
  103  10:20  Drone x7  
  111  10:38  Extractor  
  110  10:45  Extractor  
  109  10:55  Infestation Pit  
  98  11:13  Drone  
  98  11:14  Drone x9  
  108  11:29  Drone x12  
  110  12:00  Roach  
  110  12:01  Roach x11  
  103  12:18  Roach x6  
  111  12:29  Roach  
  117  12:30  Roach x4  
  117  12:38  Hive  
  117  12:41  Ravager  
  117  12:42  Ravager  
  117  12:43  Ravager x2  
  121  12:44  Roach  
  121  12:45  Roach x7  
  139  12:58  Roach x2  
  139  12:59  Roach  
  143  13:07  Overlord x2  
  143  13:08  Overlord x2  
  143  13:09  Extractor  
  142  13:16  Extractor  
  142  13:18  Ravager  
  142  13:19  Ravager x2  
  144  13:35  Roach  
  144  13:36  Roach x12  
  170  13:45  Queen  
  172  13:50  Queen  
  172  13:53  Roach  
  145  14:10  Roach  
  145  14:11  Roach x2  
  145  14:14  Roach x4  
  145  14:15  Roach x6  
  134  14:23  Roach  
  134  14:24  Roach x3  
  123  14:26  Ravager  
  123  14:27  Ravager x4  
  120  14:50  Greater Spire  
  120  14:58  Roach  
  120  14:59  Roach x11  
  122  15:23  Roach  
  122  15:24  Roach x10  
  120  15:34  Roach x4  
  113  15:46  Queen  
  115  15:52  Drone x5  
  120  16:07  Drone  
  120  16:08  Drone x5  
  126  16:12  Ravager x2  
  126  16:13  Ravager x8  
  132  16:48  Spire  
  132  16:50  Roach  
  132  16:51  Roach x13  
  159  17:08  Overlord x2  
  159  17:09  Overlord x2  
Show
View Real Time Build Order
Export as new Build Order

Voodoochilli Terran - Winner!

Build Orders: MMM Bio 

Get SALT Encoding   

  12  0:01  SCV  
  13  0:13  SCV  
  14  0:18  Supply Depot  
  14  0:26  SCV  
  15  0:39  SCV  
  15  0:41  Barracks  
  16  0:46  Refinery  
  16  0:51  SCV  
  17  1:03  SCV  
  18  1:16  SCV  
  19  1:27  Engineering Bay  
  20  1:37  Orbital Command  
  20  1:39  Barracks Reactor  
  19  1:41  Supply Depot  
  19  2:23  Marine x2  
  21  2:40  Barracks  
  21  2:41  Marine x2  
  23  2:44  Barracks  
  23  2:45  SCV  
  23  2:50  Command Center  
  24  2:58  Marine  
  24  2:59  SCV, Marine  
  27  3:11  SCV  
  28  3:16  Marine  
  29  3:24  Supply Depot  
  29  3:30  Barracks Tech Lab  
  29  3:32  Barracks Reactor  
  29  3:34  SCV  
  30  3:37  Marine  
  31  3:45  Marine  
  31  3:46  SCV  
  33  3:48  Supply Depot  
  33  3:49  Marine  
  33  3:51  Stimpack  
  34  3:58  SCV  
  34  3:59  Marine  
  34  4:02  Orbital Command  
  36  4:04  Bunker  
  36  4:06  Marine  
  36  4:07  Marine  
  36  4:09  Marine  
  38  4:13  SCV  
  40  4:20  Factory  
  40  4:22  Marine  
  41  4:25  SCV  
  41  4:28  Engineering Bay  
  41  4:29  SCV  
  43  4:36  Supply Depot  
  43  4:37  SCV  
  44  4:41  Marine x2  
  46  4:46  SCV  
  46  4:50  Marine  
  46  4:51  SCV  
  49  4:54  Marine  
  49  4:58  SCV, Refinery  
  49  4:59  Marine  
  52  5:01  Terran Infantry Weapons Level 1  
  52  5:05  Missile Turret  
  52  5:07  Marine  
  52  5:08  SCV, Marauder  
  52  5:09  Missile Turret  
  52  5:11  Starport  
  52  5:12  Factory Reactor, Marine  
  57  5:22  Marine  
  57  5:26  Marine  
  59  5:29  Marauder  
  59  5:35  SCV x2  
  62  5:42  Marine  
  63  5:45  Marine  
  63  5:47  SCV x2, Command Center  
  66  5:53  Marine  
  66  5:56  Marine, Marauder  
  70  6:03  Factory Tech Lab  
  70  6:05  Supply Depot  
  70  6:10  Supply Depot  
  70  6:12  Refinery  
  70  6:13  Supply Depot  
  70  6:21  Combat Shields  
  70  6:22  SCV x2, Marine, Medivac  
  70  6:24  Marine x2  
  77  6:32  Refinery  
  77  6:33  Siege Tank  
  77  6:34  SCV  
  77  6:36  SCV  
  77  6:37  Marine  
  77  6:38  Marauder  
  85  6:46  SCV, Marine x2, Missile Turret  
  88  6:47  Supply Depot  
  88  6:50  Medivac  
  88  6:53  SCV  
  91  7:04  Marine, Marauder  
  91  7:07  Marine  
  95  7:10  Marine  
  94  7:18  Marine  
  94  7:20  Orbital Command  
  95  7:26  Medivac, Marauder  
  95  7:28  Medivac  
  101  7:33  Marine  
  101  7:34  SCV  
  103  7:41  Marine x2  
  105  7:46  SCV x2  
  105  7:47  Marauder  
  105  7:48  Marine, Barracks  
  105  7:51  Terran Infantry Armor Level 1  
  110  7:55  Armory  
  110  8:02  Liberator  
  110  8:08  Marauder  
  112  8:12  Marine  
  112  8:14  Marine  
  112  8:18  Marine  
  115  8:25  Marine  
  115  8:27  Siege Tank  
  122  8:30  SCV, Marauder, Missile Turret  
  125  8:35  Orbital Command  
  125  8:44  Marine  
  125  8:45  SCV  
  117  8:51  Marauder  
  117  9:02  Marine x2  
  102  9:12  Marauder  
  102  9:13  Marine  
  102  9:14  Marine  
  97  9:20  Marine x2, Barracks Reactor  
  99  9:24  Engineering Bay  
  99  9:31  Marine x2  
  99  9:34  Marauder  
  99  9:38  Marine x2, Missile Turret  
  98  9:49  Marine x2  
  85  9:55  Marauder  
  85  9:56  Marine x2  
  65  10:07  Marine x2  
  65  10:08  Marine x2  
  65  10:09  Thor  
  65  10:13  SCV, Marine  
  65  10:14  Marine  
  77  10:16  Terran Infantry Weapons Level 2, Terran Infantry Armor Level 2  
  77  10:17  Marauder  
  77  10:18  Barracks  
  77  10:20  Barracks  
  80  10:22  Concussive Shells, Supply Depot  
  80  10:24  Supply Depot  
  80  10:25  SCV, Marine x3  
  80  10:26  Marine  
  85  10:31  Marine x2, Supply Depot  
  85  10:32  Supply Depot  
  85  10:33  SCV  
  85  10:35  Supply Depot  
  88  10:38  Marauder  
  90  10:43  Marine x4  
  90  10:45  Missile Turret  
  90  10:49  Marine x2  
  96  10:50  Medivac x2  
  100  10:59  Marauder  
  100  11:00  Marine  
  100  11:01  Marine x3  
  102  11:14  Missile Turret  
  102  11:15  Missile Turret  
  102  11:18  Terran Vehicle Weapons Level 1  
  102  11:19  Siege Tank  
  102  11:21  Marauder  
  107  11:26  Marine x5  
  107  11:27  Barracks Reactor  
  107  11:31  Marine, Command Center  
  113  11:34  Barracks Reactor  
  113  11:42  SCV, Marauder  
  113  11:43  Marine x2  
  99  11:54  Marine  
  96  12:04  Marine x2, Marauder  
  96  12:05  Missile Turret  
  100  12:09  Marine  
  98  12:19  Marine x2  
  98  12:20  Marine x5  
  98  12:22  Marine x2  
  101  12:25  Marauder  
  101  12:27  Marine  
  105  12:36  Marine  
  106  12:37  Marine  
  106  12:38  Marine  
  106  12:43  SCV, Missile Turret  
  106  12:44  Missile Turret  
  110  12:46  Marauder  
  111  12:59  Marine  
  111  13:00  Marine  
  113  13:08  Marauder  
  113  13:09  Planetary Fortress  
  113  13:12  Missile Turret  
  115  13:15  Missile Turret  
  115  13:27  Marine  
  115  13:29  Marine, Marauder  
  115  13:30  Marine  
  115  13:32  SCV x3  
  123  13:34  Marine x3  
  123  13:35  Marine  
  127  13:43  Marine x3  
  127  13:44  SCV x3  
  127  13:45  Marine  
  127  13:47  Marine  
  127  13:48  Marine  
  136  13:50  Marauder  
  136  13:52  Marine  
  136  13:54  Siege Tank  
  142  14:02  Terran Infantry Weapons Level 3  
  121  14:12  Marauder  
  121  14:16  Marine  
  80  14:21  Marine x2  
  80  14:22  Marine  
  70  14:24  Marine  
  70  14:27  Marine  
  70  14:28  Marine  
  72  14:31  Marine  
  72  14:32  Marine  
  72  14:33  Marauder  
  76  14:45  Marine x2  
  74  14:46  Marine x4  
  74  14:50  Marine  
  74  14:51  Marine  
  80  14:53  Marine  
  80  14:55  Marauder  
  80  14:59  Marine  
  81  15:03  Marine x2  
  81  15:04  Marine  
  81  15:06  Marine x2  
  79  15:15  Marine  
  79  15:16  Marine, Marauder  
  79  15:17  Marine  
  79  15:18  Siege Tank  
  79  15:22  Marine  
  75  15:37  Marine, Marauder  
  75  15:40  Marine x2  
  80  15:44  Marine x2  
  80  15:45  Viking x2  
  80  15:50  Marine  
  80  15:51  Marine x2  
  80  15:53  Hellion, Starport  
  85  15:58  Marine x2  
  85  15:59  Marauder  
  89  16:04  Marine  
  89  16:07  Marine  
  89  16:10  Marine  
  92  16:12  Marine x2  
  92  16:13  Marine  
  92  16:14  SCV x2, Siege Tank, Marine  
  101  16:20  Marauder  
  101  16:24  Marine x4  
  105  16:28  Marine x2  
  105  16:31  Marine, Orbital Command  
  105  16:36  Marine  
  105  16:38  Marine x2  
  107  16:41  Starport Reactor  
  107  16:42  Marine x2, Marauder  
  107  16:43  Viking x2  
  113  16:51  Marine  
  113  16:53  Marine x2  
  115  16:55  SCV  
  116  17:03  Marauder  
  116  17:08  Marine x2  
Tags
 
Add a new tag
Caveats
  • Supply blocks, unpowered buildings, or Contaminate may cause inaccurate times.
  • Supply counts are checked every 10 seconds.